 Dungeon Crawl Stone Soup version 0.27-a0-1196-g3e9cee4cb2 (console) character file.

Game seed: 10818050509448898712

191 Gather the Ducker (level 6, -1/42 HPs)
             Began as a Djinni Transmuter on May 27, 2021.
             Killed by divine providence
             ... invoked by an orc priest
              (11 damage)
             ... on level 3 of the Dungeon.
             The game lasted 00:18:45 (4011 turns).

Gather the Ducker (Djinni Transmuter)               Turns: 4011, Time: 00:18:46

Health: -1/42      AC:  2    Str:  9    XL:     6   Next: 2%
Gold:   62         EV: 26    Int: 21    God:
                   SH:  0    Dex: 20

rFire    . . .     SeeInvis .     - Unarmed
rCold    . . .     Faith    .   (shield currently unavailable)
rNeg     . . .     Spirit   .   (armour currently unavailable)
rPois    ∞         Reflect  .   (helmet currently unavailable)
rElec    .         Harm     .   (cloak currently unavailable)
rCorr    .         Rampage  .   (gloves currently unavailable)
Will     .....                  (boots unavailable)
Stlth    ++........             (no amulet)
HPRegen  0.14/turn              k - +4 ring of evasion
MPRegen  0.00/turn              p - +6 ring of intelligence

@: spider-form, wereblooded (expiring), flying, very slightly contaminated
A: venomous fangs, flying, sickness immunity, tiny, (fire resistance 2), (cold
vulnerability 1), float, innate caster, hp casting, extra vitality 1
a: End Transformation


You were on level 3 of the Dungeon.
You were a venomous arachnid creature.
You visited 1 branch of the dungeon, and saw 4 of its levels.

You collected 86 gold pieces.
You spent 24 gold pieces at shops.

Inventory:

Hand Weapons
 c - a +0 hand axe
 t - a +0 hunting sling
Missiles
 h - 111 stones
Armour
 a - a +0 robe (melded)
 o - a +0 pair of gloves (melded)
Jewellery
 k - a +4 ring of evasion (left front leg)
 m - a ring of poison resistance
 p - a +6 ring of intelligence (right front leg)
Wands
 s - a wand of acid (7)
Scrolls
 j - a scroll of magic mapping {unknown}
 l - 2 scrolls of immolation {unknown}
 q - a scroll of vulnerability {unknown}
Potions
 b - a potion of heal wounds
 d - a potion of brilliance
 e - a potion of magic {unknown}
 f - 3 potions of curing {unknown}
 g - a potion of flight {unknown}
 i - a potion of attraction {unknown}
 n - a potion of lignification {unknown}
 r - a potion of might {unknown}


   Skills:
 - Level 1.0 Fighting
 + Level 4.0 Dodging
 - Level 2.0 Stealth
 - Level 3.1 Unarmed Combat
 + Level 3.0 Spellcasting


You couldn't memorise any spells.
You knew the following spells:

 Your Spells              Type           Power      Damage    Failure   Level
a - Beastly Appendage     Tmut           32%        N/A       12%         1
c - Blink                 Tloc           N/A        N/A       16%         2
d - Ice Form              Ice/Tmut       16%        N/A       58%         4
e - Hydra Form            Tmut           8%         N/A       87%         5
f - Freeze                Ice            64%        1d8       12%         1
w - Wereblood             Tmut           16%        N/A       16%         2
x - Spider Form           Tmut/Pois      8%         N/A       26%         3
Your spell library was empty.

Dungeon Overview and Level Annotations

Branches:
Dungeon (4/15)
 Temple: D:4-7

Altars:

Shops:
D:2 *


Innate Abilities, Weirdness & Mutations

You are a venomous arachnid creature.
You have poisonous fangs.
You are tiny and dextrous.
You are flying.
Your spellcasting is less reliable in this form.
Your armour is entirely melded.
You are incapable of wielding weapons or throwing items.
You are immune to sickness and miasma.
You are immune to poison.
((Your flesh is very heat resistant. (rF++)))
((You are vulnerable to cold. (rC-)))
You float through the air rather than walking.
You learn spells naturally, not from books.
Your magical power is your life essence.
You have superior vitality. (+4 HP)


Message History

Increase (S)trength, (I)ntelligence, or (D)exterity?
You feel agile.
You barely miss the orc. The orc misses you.
You hit the orc but do no damage.
The orc is poisoned.
You hiss as the wereblood boils in your veins!
The orc completely misses you.
You bite the orc!
You kill the orc!
Your transformation has ended.
Your +0 pair of gloves unmelds from your body.
Your +0 robe unmelds from your body.
The orc priest casts a cantrip, but nothing happens.
The orc priest miscasts a cantrip.
Items here: $ )) [ †††.
Casting: Wereblood (safe; 5% risk of failure)
Confirm with . or Enter, or press ? or * to list all spells.
You miscast Spider Form.
You are very lightly contaminated with residual magic.
Nothing appears to happen.
The orc priest closely misses you.
There are monsters nearby!
Casting: Spider Form (dangerous; 11% risk of failure)
Confirm with . or Enter, or press ? or * to list all spells.
You turn into a venomous arachnid creature.
Your +0 pair of gloves melds into your body.
Your +0 robe melds into your body.
The orc priest misses you.
There are monsters nearby!
You hit the orc priest.
The orc priest is moderately wounded.
Your primal bloodlust is almost over.
The orc priest completely misses you.
You hit the orc priest but do no damage.
The orc priest is moderately wounded.
The orc priest mumbles some strange prayers to Beogh against you.
Beogh smites you!
* * * LOW HITPOINT WARNING * * *
You hit the orc priest.
The orc priest is poisoned.
The orc priest is severely wounded.
The orc priest calls down the wrath of Beogh upon you.
Beogh smites you!
You die...

##.# #........# ...# #........#
.# #### ####........# .#. .
###...........###.. ..
###...##........##.. ...
###...####........##.# ....
#...### ###########.# .....
##.### ##..#......
###..######### ###..........
.............######....##......
########........soo.#.## .....
# ###...#########.†...# ....
####...### #.....# ..o .....###
#.....# o. ###### ####### .


You could see an orc priest (very poisoned) and an orc.

Vanquished Creatures
  An orc priest (D:3)
  A bullfrog skeleton (D:3)
  An orc wizard (D:3)
  3 adders
  6 dart slugs
  5 orcs (D:3)
  8 endoplasms
  3 giant cockroaches
  6 goblins
  6 hobgoblins
  3 jackals (D:2)
  5 ball pythons
  8 bats
  3 frilled lizards
  3 kobolds
  4 rats
66 creatures vanquished.

Vanquished Creatures (others)
  A plant (D:1)
1 creature vanquished.

Grand Total: 67 creatures vanquished

Notes
Turn   | Place    | Note
-------+----------+-------------------------------------------
     0 | D:1      | Gather the Djinni Transmuter began the quest for the Orb.
     0 | D:1      | Reached XP level 1. HP: 17/17 MP: 0/0
    20 | D:1      | Found a faded altar of an unknown god.
   429 | D:1      | Reached XP level 2. HP: 21/22 MP: 0/0
   834 | D:1      | Reached XP level 3. HP: 26/27 MP: 0/0
   834 | D:1      | Learned a level 1 spell: Freeze
  1056 | D:1      | Reached skill level 1 in Stealth
  1839 | D:2      | Found Fiod's General Store.
  2033 | D:2      | Bought a scroll of identify for 24 gold pieces
  2168 | D:2      | Reached XP level 4. HP: 29/32 MP: 0/0
  3086 | D:2      | You are sucked into a shaft and drop 2 floors!
  3102 | D:3      | Reached skill level 3 in Dodging
  3712 | D:3      | Reached XP level 5. HP: 31/37 MP: 0/0
  3712 | D:3      | Learned a level 2 spell: Blink
  4003 | D:3      | Reached skill level 4 in Dodging
  4003 | D:3      | Reached XP level 6. HP: 30/42 MP: 0/0
  4011 | D:3      | Killed from afar by an orc priest

Illustrated notes

Levels and vault maps discovered:
D:1:      minmay_arrival_doors, layout_basic, shapermc_ecumenical_altar_gd
D:2:      layout_basic, serial_shops, shop, minmay_pentomino_r4
D:3:      layout_rooms
D:4:      layout_layer_cave, minitemple, uniq_natasha

Skill      XL: |  1  2  3  4  5 |
---------------+----------------+-----
Spellcasting   | 2 3 |  3.0
Stealth        | 1 2 |  2.0
Dodging        | 3 4 |  4.0
Fighting       | |  1.0
Unarmed Combat | |  3.1

Action                   |  1- 3 |  4- 6 || total
-------------------------+-------+-------++-------
Melee: Unarmed           |    99 |   111 ||   210
       Headbutt          |     8 |     1 ||     9
       Punch             |     1 |       ||     1
 Cast: Beastly Appendage |    11 |     1 ||    12
       Spider Form       |    10 |    23 ||    33
       Wereblood         |       |     1 ||     1
 Abil: End Transformatio |       |     1 ||     1
  Use: Scroll            |     2 |       ||     2
       Potion            |       |     1 ||     1
 Stab: Sleeping          |     1 |     3 ||     4
Armor: Robe              |    25 |     1 ||    26
       Skin              |     2 |     3 ||     5
Dodge: Dodged            |    81 |   120 ||   201

Table legend: (Time is in decaauts)
 A = Elapsed time spent in this place.
 B = Non-inter-level travel time spent in this place.
 C = Inter-level travel time spent in this place.
 D = Time resting spent in this place.
 E = Time spent auto-exploring this place.
 F = Levels seen in this place.
 G = Mean time per level.
                   A        B        C        D        E       F      G
               +--------+--------+--------+--------+--------+-----+--------+
         Total |   4003 |   3922 |     81 |    542 |   2607 |   4 | 1000.8 |
       Dungeon |   4003 |   3922 |     81 |    542 |   2607 |   4 | 1000.8 |
               +--------+--------+--------+--------+--------+-----+--------+

Top non-repeatable levels by time:
     D:1: 1736 daAuts
     D:2: 1683 daAuts
     D:3: 575 daAuts
     D:4: 7 daAuts
